 Dungeon Crawl Stone Soup version 0.30-a0-241-g1121274140 (webtiles) character file.

Game seed: 17459082158821294978

156 Lobster4 the Shooter (level 5, -1/31 HPs)
             Began as a Deep Elf Hunter on Oct 10, 2022.
             Slain by a gnoll
             ... wielding a +0 flail
             ... led by a gnoll bouda
              (12 damage)
             ... on level 4 of the Dungeon.
             The game lasted 00:07:10 (1936 turns).

Lobster4 the Shooter (Deep Elf Hunter)              Turns: 1936, Time: 00:07:11

Health: -1/31      AC:  3    Str:  8    XL:     5   Next: 15%
Magic:  9/9        EV: 17    Int: 14    God:
Gold:   119        SH:  0    Dex: 20    Spells: 5/6 levels left

rFire   . . .      SeeInvis .    a - +0 shortbow
rCold   . . .      Faith    .    (shield currently unavailable)
rNeg    . . .      Spirit   .    c - +0 leather armour
rPois   .          Reflect  .    (no helmet)
rElec   .          Harm     .    (no cloak)
rCorr   .          Rampage  .    (no gloves)
Will    .....                    (no boots)
Stlth   ++........               (no amulet)
HPRegen 0.25/turn                p - +4 ring of evasion
MPRegen 0.11/turn                (no ring)

@: weakened
A: no striking features
a: no special abilities


You were on level 4 of the Dungeon.
You visited 1 branch of the dungeon, and saw 4 of its levels.

You collected 119 gold pieces.

Inventory:

Hand Weapons
 a - a +0 shortbow (weapon)
 b - a +0 short sword
Missiles
 d - 3 atropa-tipped darts
 k - 6 poisoned darts
Armour
 c - a +0 leather armour (worn)
Jewellery
 n - an amulet of faith
 p - a +4 ring of evasion (left hand)
Scrolls
 f - a scroll of identify {unknown}
 g - a scroll of immolation
 j - a scroll of fear {unknown}
 s - a scroll of teleportation {unknown}
Potions
 e - a potion of curing
 h - 2 potions of mutation {unknown}
 i - 4 potions of flight {unknown}
 l - 3 potions of attraction {unknown}
 m - 4 potions of degeneration {unknown}
 o - a potion of cancellation {unknown}
 q - a potion of heal wounds {unknown}
 r - a potion of might {unknown}
 t - a potion of ambrosia {unknown}


   Skills:
 + Level 2.3 Fighting
 + Level 6.1 Ranged Weapons
 + Level 1.2 Armour
 + Level 3.7 Dodging
 - Level 2.0 Stealth
 + Level 1.4 Spellcasting
 + Level 1.3 Earth Magic


You had 5 spell levels left.
You knew the following spells:

 Your Spells              Type           Power      Damage    Failure   Level
a - Sandblast             Erth           8%         2d5       21%         1

Your spell library contained the following spells:

 Spells                   Type           Power      Damage    Failure   Level
 Passwall                 Tmut/Erth      1%         N/A       38%         2
 Stone Arrow              Conj/Erth      4%         3d7       63%         3


Dungeon Overview and Level Annotations

Branches:
Dungeon (4/15)
 Temple: D:4-7

Altars:

Shops:
D:3 (

Annotations:
D:3 1 exclusion


Message History

The gnoll bouda is severely wounded.
The gnoll bouda mumbles some strange prayers to its god.
The gnoll bouda is healed somewhat.
The gnoll bouda attacks as you move away!
The gnoll bouda completely misses you. The gnoll hits you with a +0 whip.
The gnoll barely misses you. The gnoll attacks as you move away!
The gnoll hits you with a +0 flail.
* * * LOW HITPOINT WARNING * * *
The gnoll bouda barks out a call to the hunt!
The gnoll picks up the pace!
The gnoll barely misses you.
You see here a worm corpse.
It was a potion of curing.
You feel better.
The gnoll bouda utters an invocation to its god.
The gnoll bouda is healed somewhat.
The gnoll barely misses you.
The gnoll is no longer moving quickly.
The gnoll hits you with a +0 flail. The gnoll attacks as you move away!
The gnoll barely misses you. The kobold attacks as you move away!
The kobold closely misses you. The gnoll attacks as you move away!
The gnoll hits you with a +0 flail! The gnoll misses you.
The gnoll attacks as you move away! The gnoll completely misses you.
The gnoll bouda barks out a call to the hunt!
The gnoll picks up the pace!
The gnoll attacks as you move away! The gnoll closely misses you.
The gnoll misses you. The gnoll attacks as you move away! The gnoll misses you.
The gnoll barely misses you. The gnoll attacks as you move away!
The gnoll barely misses you. The gnoll barely misses you.
Press: ? - help, v - describe, . - travel
Here: a gnoll, wielding a +0 whip (covering ground quickly)
The floor.
The gnoll attacks as you move away! The gnoll closely misses you.
The gnoll closely misses you. The gnoll attacks as you move away!
The gnoll hits you with a +0 whip.
The gnoll bouda gazes fiercely through you!
You feel your attacks grow feeble.
There is a stone staircase leading up here.
The gnoll hits you with a +0 flail!
You die...

.... ... ##.## #...# #.
#.<.# .#. #...# .. #...#
#.## ######...######
#.##..###.....g@....<.#
#............g..รท......#
##.###..##g.K..........#..
#. #......#####...######
.###.#..#.# #...#
..##.#..#.# ###...###
#g.K....#.# #.......#
..##.#.##.# #.#...#.#
.......##.###.##.##.####


You could see a gnoll bouda, 2 gnolls and a kobold.

Vanquished Creatures
  An orc priest (D:3)
  A gnoll (D:4)
  3 adders
  A worm (D:4)
  5 dart slugs
  7 orcs
  4 bats
  6 endoplasms
  A giant cockroach (D:1)
  4 goblins
  3 hobgoblins
  7 jackals (D:1)
  4 kobolds
  2 quokkas (D:1)
  10 ball pythons
  7 frilled lizards
  9 rats
75 creatures vanquished.

Notes
Turn   | Place    | Note
-------+----------+-------------------------------------------
     0 | D:1      | Lobster4 the Deep Elf Hunter began the quest for the Orb.
     0 | D:1      | Reached XP level 1. HP: 12/12 MP: 3/3
    54 | D:1      | Reached XP level 2. HP: 17/17 MP: 4/4
   298 | D:1      | Reached XP level 3. HP: 19/21 MP: 5/5
   569 | D:1      | Learned a level 1 spell: Sandblast
   841 | D:2      | Reached XP level 4. HP: 26/26 MP: 6/6
   969 | D:2      | Reached skill level 1 in Armour
  1147 | D:3      | Noticed an ice beast
  1175 | D:3      | Found Conaics's Weapon Shoppe.
  1190 | D:3      | Reached skill level 1 in Spellcasting
  1196 | D:3      | Reached skill level 6 in Ranged Weapons
  1196 | D:3      | Reached skill level 1 in Earth Magic
  1790 | D:4      | Reached XP level 5. HP: 30/30 MP: 9/9
  1936 | D:4      | Slain by a gnoll

Illustrated notes

Levels and vault maps discovered:
D:1:      mushboom_english_gardens, layout_rooms, dk_noncrumbling_4
D:2:      layout_rooms, chequers_serial_rivers_large_a,
          kennysheep_generic_room_15
D:3:      layout_loops_ring, serial_shops, shop
D:4:      layout_loops_cross, minmay_temple_entry_large_hall, uniq_natasha

Skill      XL: |  1  2  3  4 |
---------------+-------------+-----
Stealth        | 2 |  2.0
Dodging        | 3 |  3.7
Fighting       | 2 |  2.3
Armour         | 1 |  1.2
Spellcasting   | 1 |  1.4
Ranged Weapons | 6 |  6.1
Earth Magic    | 1 |  1.3

Action                   |  1- 3 |  4- 6 || total
-------------------------+-------+-------++-------
Melee: Short sword       |       |     1 ||     1
 Fire: Shortbow          |   106 |    73 ||   179
  Use: Potion            |       |     1 ||     1
 Stab: Sleeping          |       |     1 ||     1
Armor: Leather armour    |    13 |       ||    13
Dodge: Dodged            |    22 |    36 ||    58

Table legend: (Time is in decaauts)
 A = Elapsed time spent in this place.
 B = Non-inter-level travel time spent in this place.
 C = Inter-level travel time spent in this place.
 D = Time resting spent in this place.
 E = Time spent auto-exploring this place.
 F = Levels seen in this place.
 G = Mean time per level.
                   A        B        C        D        E       F      G
               +--------+--------+--------+--------+--------+-----+--------+
         Total |   1989 |   1913 |     76 |    103 |   1423 |   4 |  497.2 |
       Dungeon |   1989 |   1913 |     76 |    103 |   1423 |   4 |  497.2 |
               +--------+--------+--------+--------+--------+-----+--------+

Top non-repeatable levels by time:
     D:3: 688 daAuts
     D:1: 602 daAuts
     D:2: 485 daAuts
     D:4: 213 daAuts
